 Dungeon Crawl Stone Soup version 0.27.0-65-ge2af304b15 (webtiles) character file.

Game seed: 8936541969912000333

22 Malachi the Covered (level 3, 30/30 HPs)
             Began as a Djinni Fighter on Aug 18, 2021.
             Got out of the dungeon alive.
             The game lasted 00:00:46 (1282 turns).

Malachi the Covered (Djinni Fighter)                Turns: 1282, Time: 00:00:46

Health: 30/30      AC:  6    Str: 16    XL:     3   Next: 7%
Gold:   43         EV:  7    Int:  9    God:
                   SH:  8    Dex: 12

rFire    + + .     SeeInvis .   a - +0 long sword
rCold    x . .     Faith    .   c - +0 kite shield
rNeg     . . .     Spirit   .   b - +0 scale mail
rPois    ∞         Reflect  .   (no helmet)
rElec    .         Harm     .   (no cloak)
rCorr    .         Rampage  .   (no gloves)
Will     .....                  (boots unavailable)
Stlth    ..........             (no amulet)
HPRegen  0.10/turn              (no ring)
MPRegen  0.00/turn              (no ring)

@: flying
A: sickness immunity, fire resistance 2, cold vulnerability 1, float, innate
caster, hp casting, extra vitality 1
a: no special abilities


You escaped.
You visited 1 branch of the dungeon, and saw 1 of its levels.

You collected 43 gold pieces.

Inventory:

Hand Weapons
 a - a +0 long sword (weapon)
Armour
 b - a +0 scale mail (worn)
 c - a +0 kite shield (worn)
Scrolls
 f - a scroll of immolation {unknown}
Potions
 d - a potion of might
 e - 2 potions of flight {unknown}


   Skills:
 + Level 3.3 Fighting
 + Level 2.1 Long Blades
 + Level 3.3 Armour
 + Level 0.1 Dodging
 + Level 3.1 Shields


You had one spell level left.
You knew the following spells:

 Your Spells              Type           Power      Damage    Failure   Level
a - Magic Dart            Conj           0%         1d3       100%        1
Your spell library was empty.


Dungeon Overview and Level Annotations

Branches:
Dungeon (1/15)

Altars:


Innate Abilities, Weirdness & Mutations

You are immune to sickness and miasma.
You are immune to poison.
Your flesh is very heat resistant. (rF++)
You are vulnerable to cold. (rC-)
You float through the air rather than walking.
You learn spells naturally, not from books.
Your magical power is your life essence.
You have superior vitality. (+4 HP)


Message History

Your experience leads to an increase in your attributes!
Increase (S)trength, (I)ntelligence, or (D)exterity?
You feel stronger.
The power to cast Magic Dart wells up from within.
Spell assigned to 'a'.
You start resting.
HP restored.
You start waiting.
Done waiting.
An endoplasm comes into view.
The endoplasm quivers.
An endoplasm is nearby!
An endoplasm is nearby!
An endoplasm is nearby!
You block the endoplasm's attack.
You hit the endoplasm.
The endoplasm is severely wounded.
You block the endoplasm's attack. x2
You slash the endoplasm!
You kill the endoplasm!
No target in view!
No target in view!
There is an open door here.
You see here 18 bolts.
Key pressed, stopping explore.
Done exploring.
Done exploring.
Done exploring.
Done exploring.
No target in view!
You see here 18 bolts.
There is an open door here.
There is an open door here.
There is an escape hatch in the floor here.
There is an open door here.
There is an open door here.
You see here 18 bolts.
There is a staircase leading out of the dungeon here.
Are you sure you want to leave the Dungeon?
This will make you lose the game!
You have escaped! #..#..#####..# ###.#### ######## #..#....#....# #....... ##.....# #..#####'##### #....... ##.....####....##..#######....... ..............................### .......##########.............# # ..##...######################## ..##...#PPPPPPPPPPPPPPPPP########

..##...#PPPPPP..@..PPPPPP#.......
.......#PPPP..PPPPP..PPPP#.######
'#####.#PPP.PPP...PPP.PPP#.#.....
.# #.#PPP.PP.PPP.PP.PPP#.#.###)
.# #.#PP.PP.PP.PP.PP.PP#.#'###.
.# #.#PP.P.PP.P.PP.P.PP#.....#.
.# #.#PP.P.P.PPP.P.P.PP#.....#.
.### #.#PP.P.PP.P.PP.P.PP#.....#.
...###)#PP.PP.PP.PP.PP.PP#.....##


There were no monsters in sight!

Vanquished Creatures
  A dart slug (D:1)
  6 endoplasms (D:1)
  A hobgoblin (D:1)
  2 jackals (D:1)
  2 kobolds (D:1)
  A quokka (D:1)
  2 ball pythons (D:1)
  A bat (D:1)
  A frilled lizard (D:1)
17 creatures vanquished.

Notes
Turn   | Place    | Note
-------+----------+-------------------------------------------
     0 | D:1      | Malachi the Djinni Fighter began the quest for the Orb.
     0 | D:1      | Reached XP level 1. HP: 20/20 MP: 0/0
   144 | D:1      | Reached XP level 2. HP: 25/25 MP: 0/0
   309 | D:1      | Found a faded altar of an unknown god.
   753 | D:1      | Reached XP level 3. HP: 5/30 MP: 0/0
   753 | D:1      | Learned a level 1 spell: Magic Dart
  1282 | D:$      | Got out of the dungeon alive.

Illustrated notes

Levels and vault maps discovered:
D:1:      roderic_crop_circles_arrival_small, layout_basic,
          shapermc_ecumenical_altar_notcrosses

Skill      XL: |  1  2 |
---------------+-------+-----
Long Blades    | 2 |  2.1
Fighting       | |  3.3
Armour         | |  3.3
Dodging        | |  0.1
Shields        | |  3.1

Action                   || total
-------------------------++-------
Melee: Long sword        ||    42
Armor: Scale mail        ||    28
Dodge: Dodged            ||    14
Block: Kite shield       ||    21
       Rpst.: Long sword ||     2
